AoeStats
← Marbas

Arena

508076456Analyzed
1v1 RM · 11d ago on Sep 20, 2026· 29m 50s· 2 players
Game mode
Random Map
Map size
Tiny (2 player)
Population
200
Speed
Normal
Resources
Standard
Victory
Conquest
Starting age
Dark Age
Ending age
Imperial Age
RankedLock teamsTeams togetherTeam positionsShared explorationLock speedFull tech treeHidden civsTurbo modeCheats
Victory
Defeat
🇷🇺 Turks · Russia
1812
+16
🇬🇧 Bohemians · United Kingdom
1820
-16
Marbas
8:43 Loom
10:28 Feudal Age
11:26 Double-Bit Axe
13:48 Horse Collar
20:15 Castle Age
21:27 Bow Saw
21:26 Gold Mining
23:14 Padded Archer Armor
27:48 Imperial Age
27:42 Leather Archer Armor
Corzak
5:10 Loom
8:07 Feudal Age
8:38 Double-Bit Axe
11:44 Fletching
18:59 Wheelbarrow
23:12 Castle Age
21:48 Horse Collar
24:31 Bow Saw
31:08 Imperial Age
Connection lost

Rejoining the realm…

Still unreachable

The connection could not be restored.

Session expired

The server has moved on; the page needs a fresh start.